 Dungeon Crawl Stone Soup version 0.30.0-30-g96aa6591b8 (webtiles) character file.

Game seed: 1439377599156739751

20503 Peloso the Carver (level 12, -1/110 HPs)
             Began as a Minotaur Fighter on June 30, 2023.
             Was a High Priest of Okawaru.
             Shot with an arrow by Nessos (5 damage)
             ... on level 4 of the Lair of Beasts.
             The game lasted 00:28:12 (15024 turns).

Peloso the Carver (Minotaur Fighter)               Turns: 15024, Time: 00:28:12

Health: -1/110     AC: 20    Str: 22    XL:     12   Next: 45%
Magic:  12/12      EV:  9    Int:  5    God:    Okawaru [*****.]
Gold:   660        SH:  7    Dex: 14    Spells: 11/11 levels left

rFire   . . .        a - +0 falchion (drain)
rCold   . . .        d - +0 buckler
rNeg    . . .        n - +1 plate armour
rPois   .            (helmet restricted)
rElec   .            L - +0 cloak
rCorr   +            c - +0 pair of gloves
SInv    .            (no boots)
Will    .....        (no amulet)
Stlth   x              - ring of resist corrosion
HPRegen 0.38/turn    (no ring)
MPRegen 0.13/turn

%: no passive effects
@: lethally poisoned (-1 -> -30)
A: horns 2, retaliatory headbutt
a: Renounce Religion, Heroism, Finesse, Duel


You were on level 4 of the Lair of Beasts.
You worshipped Okawaru.
Okawaru was extremely pleased with you.
You visited 3 branches of the dungeon, and saw 15 of its levels.
You also visited: Ossuary and Bailey.

You collected 660 gold pieces.

Inventory:

Hand Weapons
 a - a +0 falchion of draining (weapon)
 b - the +5 dagger of Ebasuemeso {vamp, rC+}
   (You found it on level 8 of the Dungeon)

   rC:        It protects you from cold.
Missiles
 N - a throwing net (quivered)
Armour
 c - a +0 pair of gloves (worn)
 d - a +0 buckler (worn)
 n - a +1 plate armour (worn)
 L - a +0 cloak (worn)
Jewellery
 x - a ring of resist corrosion (left hand)
 H - a +6 ring of intelligence
 O - a ring of wizardry
Wands
 j - a wand of flame (48)
 t - a wand of polymorph (5)
 G - a wand of light (5)
 K - a wand of roots (3)
Scrolls
 e - 2 scrolls of fear
 f - 2 scrolls of enchant weapon
 g - a scroll of butterflies
 h - a scroll of fog
 m - 3 scrolls of immolation
 p - a scroll of blinking
 q - 3 scrolls of amnesia
 r - 2 scrolls of brand weapon
 u - 5 scrolls of noise
 v - a scroll of enchant armour
 y - 2 scrolls of magic mapping
 J - 6 scrolls of identify
 M - a scroll of poison
Potions
 i - 5 potions of heal wounds
 l - 5 potions of might
 o - a potion of magic
 s - 9 potions of mutation
 w - a potion of ambrosia
 z - 2 potions of berserk rage
 A - a potion of brilliance
 B - 2 potions of experience
 C - 2 potions of invisibility
 D - 2 potions of haste
 E - a potion of curing
 F - a potion of flight
Miscellaneous
 I - a box of beasts


   Skills:
 + Level 11.2 Fighting
 + Level 14.3 Long Blades
 + Level 13.9 Armour
 + Level 6.2 Dodging
 + Level 1.6 Stealth
 + Level 10.6 Shields
 + Level 1.4 Invocations
 + Level 0.4 Evocations


You had 11 spell levels left.
You didn't know any spells.
Your spell library contained the following spells:

 Spells                   Type           Power      Damage    Failure   Level
 Shock                    Conj/Air       0%         1d3       99%         1
 Poisonous Vapours        Pois/Air       0%         N/A       100%        2
 Mephitic Cloud           Conj/Pois/Air  0%         N/A       100%        3
 Swiftness                Air            0%         N/A       100%        3
 Airstrike                Air            0%         2d(0-16)  100%        4
 Leda's Liquefaction      Hex/Erth       0%         N/A       100%        4
 Lee's Rapid Deconstruct  Erth           0%         3d4*      100%        5
 Silence                  Hex/Air        0%         N/A       100%        5
 Statue Form              Tmut/Erth      0%         N/A       100%        6


Dungeon Overview and Level Annotations

Branches:
Dungeon (11/15)            Temple (1/1) D:5            Lair (2/5) D:11
Ossuary (visited)          Bailey (visited)
  Swamp: Lair:2-3    Shoals: Lair:2-3     Snake: Lair:2-3    Spider: Lair:2-3
    Orc: D:9-12

Altars:
Ashenzari
Fedhas
Kikubaaqudgha
Makhleb
Nemelex Xobeh
Okawaru
Qazlal
Ru
Trog
Xom
Zin
The Shining One

Shops:
D:7 ?

Annotations:
D:3 2 transporters
D:5 2 transporters, Tyszek's ghost, weakling MiDe
D:7 1 runed translucent door, Nicoed's ghost, novice MiFi
D:9 2 transporters, exclusion: ice statue, Heoruswealwe's ghost, novice DEEE
Lair:4 Nessos


Innate Abilities, Weirdness & Mutations

You have a pair of horns on your head.
You reflexively headbutt those who attack you in melee.


Message History

Your headbutt misses the wolf.
The wolf is severely wounded.
The wolf bites you but does no damage.
You closely miss the wolf.
The wolf is severely wounded.
The wolf bites you but does no damage.
Nessos casts a spell.
Nessos blinks!
You miss the wolf. Your headbutt misses the wolf.
The wolf is severely wounded.
The wolf closely misses you.
Nessos wields a +2 longbow of flaming.
It bursts into flame!
Nessos shoots an arrow.
The arrow hits you! The arrow burns you.
Unknown command.
You hit the wolf. You drain the wolf.
You kill the wolf!
Okawaru accepts your kill.
Unknown command.
Nessos casts a spell.
Nessos blinks!
Nessos shoots an arrow.
The arrow hits you! The arrow burns you.
You are poisoned.
Things that are here:
a wolf corpse; a wolf corpse You feel very sick.
Nessos shoots an arrow.
The arrow hits you!
* * * LOW HITPOINT WARNING * * *
The arrow burns you.
You are more poisoned.
* * * LOW HITPOINT WARNING * * *
You feel very sick.
Unknown command.
You feel very sick.
Nessos mumbles some strange words.
Nessos blinks!
You feel very sick.
Nessos shoots an arrow.
The arrow hits you!
* * * LOW HITPOINT WARNING * * *
The arrow burns you.
You are more poisoned.
You die...

......#
##.....#
......#
#P....#
#.....#
#.....#
#.....#
#.@..##
#..#...##
#...#....##
#..###.....#
#.. ##.†..#
........c#.##
..........#.#
..♣..........
.P....§....


You could see Nessos.

Vanquished Creatures
  Snorg (D:10)
  A centaur warrior (D:11)
  5 death yaks (Lair:2)
  An orc knight (Bailey)
  A manticore (D:11)
  A cyclops (D:11)
  3 cane toads
  2 rime drakes
  3 kobold demonologists
  A komodo dragon (Lair:1)
  A troll (D:9)
  2 polar bears (D:11)
  Grinder (D:3)
  5 dream sheep (Lair:4)
  3 slime creatures (D:11)
  A vampire (D:9)
  4 wyverns
  A shadow (D:11)
  11 yaks
  A yak (shapeshifter) (D:10)
  A wraith (D:7)
  A basilisk (Lair:1)
  2 steam dragons
  Menkaure (D:7)
  2 acid dragons
  A water moccasin (D:8)
  An orc warrior (D:10)
  2 sky beasts (D:8)
  2 black bears
  2 centaurs
  7 wolves
  3 phantoms
  A kobold brigand (D:8)
  6 bullfrogs
  Blork the orc (D:5)
  4 scorpions
  A gnoll sergeant (D:6)
  5 wights (D:9)
  8 killer bees
  3 howler monkeys
  A centaur zombie (Ossuary)
  A human zombie (Ossuary)
  2 sleepcaps
  3 hounds
  7 orc priests
  3 gnoll boudas
  10 orc wizards
  2 iguanas (D:6)
  4 mummies (Ossuary)
  Robin (D:3)
  33 gnolls
  8 adders
  2 shadow imps
  A white imp (D:8)
  An ufetubus (D:5)
  2 worms
  2 dart slugs
  50 orcs
  2 bat zombies (D:4)
  10 endoplasms
  5 giant cockroaches
  19 goblins
  7 hobgoblins
  17 jackals
  2 quokkas
  8 ball pythons
  4 bats
  2 frilled lizards
  A gnoll zombie (Ossuary)
  3 goblin zombies (Ossuary)
  A hobgoblin zombie (Ossuary)
  18 kobolds
  An orc zombie (Ossuary)
  2 quokka zombies (D:5)
  3 rats
341 creatures vanquished.

Notes
Turn   | Place    | Note
-------+----------+-------------------------------------------
     0 | D:1      | Peloso the Minotaur Fighter began the quest for the Orb.
     0 | D:1      | Reached XP level 1. HP: 19/19 MP: 0/0
    50 | D:1      | Reached XP level 2. HP: 27/27 MP: 1/1
   329 | D:1      | Reached skill level 1 in Dodging
   578 | D:2      | Reached XP level 3. HP: 31/33 MP: 2/2
   644 | D:2      | Reached skill level 3 in Long Blades
   916 | D:2      | Reached XP level 4. HP: 40/40 MP: 3/3
  1477 | D:3      | Noticed a phantom
  1493 | D:3      | Killed a phantom
  1494 | D:3      | Reached skill level 4 in Long Blades
  1494 | D:3      | Reached XP level 5. HP: 38/47 MP: 4/4
  1495 | D:3      | Found a broken altar of Ashenzari.
  1511 | D:3      | Noticed Robin
  1532 | D:3      | Killed Robin
  1628 | D:3      | Found a transporter.
  1668 | D:3      | Noticed a phantom
  1680 | D:3      | Killed a phantom
  1681 | D:3      | Reached skill level 5 in Long Blades
  1681 | D:3      | Reached XP level 6. HP: 48/55 MP: 5/5
  1832 | D:3      | Found a bloodstained altar of Trog.
  1833 | D:3      | Found a sparkling altar of Nemelex Xobeh.
  1837 | D:3      | Reached skill level 5 in Armour
  1968 | D:3      | Noticed Grinder
  1983 | D:3      | Killed Grinder
  1984 | D:3      | Reached skill level 5 in Fighting
  1984 | D:3      | Reached skill level 6 in Long Blades
  2083 | D:3      | Found a glowing silver altar of Zin.
  2084 | D:3      | Found a shimmering altar of Xom.
  2216 | D:3      | Identified the +1 sling of Picisaillo {freeze, rElec rF+++
                  | Str-4 Int-4}
  2401 | D:3      | Found a transporter.
  2549 | D:3      | HP: 4/84 [poisoned by an adder]
  2561 | D:3      | HP: 4/84 [poisoned by an adder]
  2564 | D:3      | Reached XP level 7. HP: 2/61 MP: 6/6
  3147 | D:4      | Reached skill level 7 in Long Blades
  3257 | D:4      | Found an ancient bone altar of Kikubaaqudgha.
  3548 | D:5      | Entered Level 5 of the Dungeon
  3552 | D:5      | Found a sand-covered staircase.
  3571 | Ossuary  | Entered an ossuary
  3608 | Ossuary  | Reached skill level 5 in Shields
  4253 | D:5      | Found a transporter.
  4258 | D:5      | Noticed Tyszek's ghost (weakling MiDe)
  4263 | D:5      | Identified the +1 dire flail "Rucofog" {holy, rC- Str+4
                  | Dex+8}
  4267 | D:5      | Found a transporter.
  4425 | D:5      | Found a staircase to the Ecumenical Temple.
  4459 | D:5      | Reached XP level 8. HP: 64/70 MP: 7/7
  4478 | Temple   | Entered the Ecumenical Temple
  4484 | Temple   | Became a worshipper of Warmaster Okawaru
  4979 | D:5      | Reached skill level 8 in Long Blades
  5645 | D:5      | Noticed Blork the orc
  5654 | D:5      | Killed Blork the orc
  5796 | D:6      | Found a stormy altar of Qazlal.
  5834 | D:6      | Reached * piety under Okawaru
  6188 | D:6      | Reached skill level 9 in Long Blades
  7037 | D:7      | Noticed Menkaure
  7045 | D:7      | Killed Menkaure
  7156 | D:7      | Reached XP level 9. HP: 78/78 MP: 8/8
  7433 | D:8      | Reached ** piety under Okawaru
  7435 | D:8      | Reached skill level 10 in Long Blades
  7506 | D:8      | Found a flagged portal.
  7556 | D:8      | Identified the +5 dagger of Ebasuemeso {vamp, rC+}
  7567 | Bailey   | Entered a bailey
  7584 | Bailey   | Reached skill level 11 in Long Blades
  7584 | Bailey   | Reached skill level 10 in Armour
  7584 | Bailey   | Reached skill level 5 in Dodging
  7584 | Bailey   | Reached XP level 10. HP: 91/91 MP: 9/9
  7726 | Bailey   | Noticed an orc knight
  7744 | Bailey   | Killed an orc knight
  8488 | D:7      | Found a runed translucent door.
  8489 | D:7      | Noticed Nicoed's ghost (novice MiFi)
  8558 | D:7      | Found Tofosuuq's Magic Scroll Shop.
  8599 | D:7      | Reached skill level 12 in Long Blades
  8798 | D:9      | Found a transporter.
  8809 | D:9      | Noticed a deep elf pyromancer
  8811 | D:9      | Noticed an ice statue
  8841 | D:9      | Noticed a two-headed ogre
  8843 | D:9      | Noticed Heoruswealwe's ghost (novice DEEE)
  8854 | D:9      | Found a transporter.
  8914 | D:9      | Reached *** piety under Okawaru
  9544 | D:9      | Reached skill level 10 in Fighting
 10070 | D:9      | Reached XP level 11. HP: 82/95 MP: 10/10
 10580 | D:10     | Entered Level 10 of the Dungeon
 11114 | D:9      | Reached **** piety under Okawaru
 11419 | D:10     | Noticed Snorg
 11438 | D:10     | Killed Snorg
 11532 | D:10     | Reached skill level 1 in Stealth
 11744 | D:10     | Found a glowing golden altar of the Shining One.
 11801 | D:11     | Reached skill level 13 in Long Blades
 11983 | D:11     | Reached ***** piety under Okawaru
 12005 | D:11     | Found a staircase to the Lair.
 12125 | D:11     | Noticed a two-headed ogre
 12389 | D:11     | Reached skill level 10 in Shields
 12553 | D:11     | Noticed a centaur warrior
 12580 | D:11     | Killed a centaur warrior
 12650 | Lair:1   | Entered Level 1 of the Lair of Beasts
 13308 | Lair:1   | Got the Secrets of Lightning
 13550 | Lair:2   | Reached XP level 12. HP: 107/108 MP: 11/11
 14197 | Lair:2   | Noticed a death yak
 14197 | Lair:2   | Noticed a death yak
 14237 | Lair:2   | Killed a death yak
 14238 | Lair:2   | Reached skill level 14 in Long Blades
 14252 | Lair:2   | Killed a death yak
 14410 | Lair:2   | Noticed a death yak
 14410 | Lair:2   | Noticed a death yak
 14425 | Lair:2   | Noticed a death yak
 14439 | Lair:2   | Killed a death yak
 14454 | Lair:2   | Killed a death yak
 14464 | Lair:2   | Killed a death yak
 14581 | Lair:2   | You fall into a shaft and drop 2 floors!
 14619 | Lair:4   | Reached skill level 1 in Invocations
 14898 | Lair:4   | Noticed an eight-headed hydra
 15013 | Lair:4   | Noticed Nessos
 15024 | Lair:4   | HP: 4/110 [Nessos/arrow (11)]
 15024 | Lair:4   | Shot with an arrow by Nessos

Illustrated notes

Levels and vault maps discovered:
D:1:      spicycebolla_arrival_ecumenical, layout_rooms, grunt_decor_one_mirror,
          chequers_mini_garden
D:2:      layout_basic
D:3:      gammafunk_wand_slinger, layout_loops_corners,
          mainiacjoe_overflow_chevrons, mainiacjoe_overflow_alcove_3,
          palyth_stone_intersect, roderic_lattice_a, minmay_pentomino_pile,
          uniq_robin, uniq_grinder
D:4:      layout_cave_pools, lemuel_zombie_altar_kikubaaqudgha
D:5:      layout_basic, minmay_temple_entry_statues_pillars,
          gammafunk_ghost_smash, enter_ossuary_4, minmay_misc_feat_encased,
          hangedman_abyss_or_decor_lesser_grid, uniq_blork_the_orc
D:6:      layout_basic, nicolae_qazlal_general_emergency, serial_curves,
          eino_curves_04, eino_curves_02
D:7:      minmay_the_grid_octo_tiled_squarecenter
          [minmay_the_grid_octo_pinwheel, minmay_the_grid_octo_checkered,
          minmay_the_grid_octo_concentric, minmay_the_grid_octo_fat_diamond,
          minmay_the_grid_square_5x5_megaprize_open,
          minmay_the_grid_square_5x5_v, minmay_the_grid_square_5x5_shrine1,
          minmay_the_grid_square_5x5_inner_z,
          minmay_the_grid_square_5x5_three_small], layout_basic,
          gammafunk_ghost_grave, serial_shops, shop, uniq_menkaure
D:8:      layout_basic, enter_bailey_5
D:9:      layout_layer_cave, nzn_ghost_randoct
D:10:     layout_big_octagon, nicolae_tso_swordbearing_angel, uniq_snorg
D:11:     layout_roguey, hellmonk_lair_entry_icy, david_orc_2, minmay_radiant
Temple:   nicolae_temple_bog_church
Lair:1:   layout_roguey, grunt_megastairs_5, lemuel_fruit_tree
Lair:2:   layout_roguey
Lair:4:   layout_cave_pods, serial_bayou_pond_a, st_stairs_4,
          minmay_lair_oklob_items, pdpol_lair_cavern_descent,
          grunt_megastairs_2, uniq_kirke, uniq_nessos

Skill      XL: |  1  2  3  4  5  6  7  8  9 10 11 12 |
---------------+-------------------------------------+-----
Shields        | 4 5 8 9 10 | 10.6
Armour         | 4 5 6 8 10 11 12 13 | 13.9
Dodging        | 1 2 5 6 |  6.2
Fighting       | 4 5 6 9 10 11 | 11.2
Long Blades    | 3 4 5 6 7 9 11 12 13 14 | 14.3
Stealth        | 1 |  1.6
Invocations    | 1 |  1.4
Evocations     | |  0.4

Action                     |  1- 3 |  4- 6 |  7- 9 | 10-12 || total
---------------------------+-------+-------+-------+-------++-------
  Melee: Long sword        |    73 |    89 |       |       ||   162
         Headbutt          |    12 |    24 |   104 |   177 ||   317
         Falchion          |       |    57 |   436 |   686 ||  1179
 Invoke: Heroism           |       |       |       |    10 ||    10
  Evoke: Wand              |       |       |     1 |     2 ||     3
    Use: Potion            |     4 |     2 |     2 |     6 ||    14
         Scroll            |       |       |    16 |     9 ||    25
   Stab: Invisible         |       |       |       |     4 ||     4
 Armour: Scale mail        |    26 |       |       |       ||    26
         Chain mail        |     8 |    55 |       |       ||    63
         Plate armour      |       |    30 |   272 |   335 ||   637
         Skin              |       |    23 |       |       ||    23
  Dodge: Dodged            |    42 |    55 |   142 |   253 ||   492
  Block: Buckler           |    20 |    45 |   120 |   198 ||   383
